 Dungeon Crawl Stone Soup version 0.23.2-33-g5129a83184 (webtiles) character file.

Game seed: 16186839516924268710

154 Felnil the Skirmisher (level 4, -4/38 HPs)
             Began as a Demigod Fighter on Aug 4, 2019.
             Killed by divine providence
             ... invoked by an orc priest
              (15 damage)
             ... on level 2 of the Dungeon.
             The game lasted 00:25:37 (1829 turns).

Felnil the Skirmisher (Demigod Fighter)             Turns: 1829, Time: 00:25:38

Health: -4/38      AC:  6    Str: 19    XL:     4   Next: 89%
Magic:  6/6        EV:  7    Int: 12    God:
Gold:   48         SH:  9    Dex: 17    Spells: 3/3 levels left

rFire    . . .     SeeInvis .   a - +0 long sword
rCold    . . .     Gourm    .   c - +0 shield
rNeg     . . .     Faith    .   b - +0 scale mail
rPois    .         Spirit   .   (no helmet)
rElec    .         Reflect  .   (no cloak)
rCorr    .         Harm     .   (no gloves)
MR       .....                  (no boots)
Stlth    ..........             n - amulet of regeneration
HPRegen  0.52/turn              (no ring)
MPRegen  0.10/turn              (no ring)

@: no status effects
A: high mp 1
a: no special abilities


You were on level 2 of the Dungeon.
You were not hungry.

You visited 1 branch of the dungeon, and saw 3 of its levels.

You collected 48 gold pieces.

Inventory:

Hand Weapons
 a - a +0 long sword (weapon)
Armour
 b - a +0 scale mail (worn)
 c - a +0 shield (worn)
Jewellery
 n - an amulet of regeneration (around neck)
Scrolls
 h - a scroll of magic mapping {unknown}
 j - 4 scrolls of identify {unknown}
 k - a scroll of enchant weapon {unknown}
 l - a scroll of fog {unknown}
 m - a scroll of immolation {unknown}
 p - a scroll of blinking {unknown}
Potions
 d - a potion of might
 e - a potion of mutation {unknown}
 i - a potion of curing {unknown}
 o - a potion of agility {unknown}
Comestibles
 f - 4 rations
 g - 8 chunks of flesh


   Skills:
 + Level 3.5 Fighting
 + Level 2.8 Long Blades
 + Level 3.3 Armour
 + Level 0.6 Dodging
 + Level 3.5 Shields


You had 3 spell levels left.
You didn't know any spells.
Your spell library was empty.

Dungeon Overview and Level Annotations

Branches:
Dungeon (3/15)

Annotations:
D:3 Sigmund


Innate Abilities, Weirdness & Mutations

You have an increased reservoir of magic. (+10% MP)


Message History

You climb upwards.
There is a stone staircase leading down, spattered with blood here.
The orc priest hits you. You block the orc's attack. x2
You climb downwards.
Level annotation: Sigmund
There is a stone staircase leading up here.
You can't go down here!
The orc hits you but does no damage.
The orc priest calls down the wrath of Beogh upon you.
Beogh smites you!
* * * LOW HITPOINT WARNING * * *
You block the orc's attack.
You climb upwards.
There is a stone staircase leading down, spattered with blood here.
You completely miss the orc priest.
The orc priest is almost dead.
You block the orc's attack.
The orc priest calls down the wrath of Beogh upon you.
Beogh smites you!
You die...

#.##.##.......#.#.######.#
#.##............#.........
#.#####........##.######.#
#.#####..##.........# #.#
#...................# #.#
####...........##...# #..
#.....#...#.#..###..######
#.)...##).#.#..#..<.......
#.....#.o@.....###..##.###
#.....#.oo#.#.## #..#.....
#.....#...#.#.#####.#..###
#.....#...#.........#..#
####.....#...##..##.#>.#..#
#
#...................####..#
# #.###>#..#..###.....#
#..# # #.#
#....#...##.....# #..###
#.# #.#..#..........##
#..#..


You could see an orc priest and 2 orcs.

Vanquished Creatures
  An orc priest (D:3)
  2 orc wizards (D:3)
  An adder (D:2)
  3 worms (D:2)
  A dart slug (D:1)
  2 leopard geckos (D:2)
  4 orcs
  2 giant cockroaches (D:3)
  7 jackals (D:2)
  2 kobolds (D:2)
  A quokka (D:2)
  4 bats
  4 frilled lizards
  7 goblins
  5 rats
46 creatures vanquished.

Notes
Turn   | Place    | Note
-------+----------+-------------------------------------------
     0 | D:1      | Felnil the Demigod Fighter began the quest for the Orb.
     0 | D:1      | Reached XP level 1. HP: 18/18 MP: 3/3
   678 | D:2      | Reached XP level 2. HP: 25/25 MP: 4/4
   855 | D:2      | Reached XP level 3. HP: 29/30 MP: 5/5
  1595 | D:3      | Noticed Sigmund
  1706 | D:3      | Reached XP level 4. HP: 21/38 MP: 6/6
  1745 | D:3      | Noticed a water elemental
  1829 | D:2      | Killed from afar by an orc priest

Skill      XL: |  1  2  3 |
---------------+----------+-----
Long Blades    | 2 |  2.8
Armour         | 3 |  3.3
Shields        | 3 |  3.5
Fighting       | 3 |  3.5
Dodging        | |  0.6

Action                   |  1- 3 |  4- 6 || total
-------------------------+-------+-------++-------
Melee: Long sword        |   139 |    19 ||   158
  Eat: Chunk             |     3 |       ||     3
Armor: Scale mail        |    84 |    19 ||   103
Dodge: Dodged            |    49 |    13 ||    62
Block: Shield            |    85 |    24 ||   109
       Rpst.: Long sword |    20 |     3 ||    23
